 Dungeon Crawl Stone Soup version 0.30.0-29-ga12c61a403 (webtiles) character file.

Game seed: 4379001132262574326

722 cdecastro the Trooper (level 7, -5/76 HPs)
             Began as a Troll Fighter on June 23, 2023.
             Slain by a water moccasin (7 damage)
             ... on level 5 of the Dungeon.
             The game lasted 00:05:49 (3424 turns).

cdecastro the Trooper (Troll Fighter)               Turns: 3424, Time: 00:05:49

Health: -5/76      AC:  5    Str: 25    XL:     7   Next: 43%
Magic:  6/6        EV:  9    Int:  4    God:
Gold:   319        SH:  8    Dex: 11    Spells: 6/6 levels left

rFire   + .          .
                       - Unarmed
rCold   . . .        b - +0 kite shield
rNeg    . . .        v - +1 robe {rF+}
rPois   .            (helmet restricted)
rElec   .            (no cloak)
rCorr   .            (gloves unavailable)
SInv    .            (boots unavailable)
Will    +....        (no amulet)
Stlth   +            f - ring of flight
HPRegen 1.12/turn    u - ring of willpower
MPRegen 0.10/turn

%: no passive effects
@: lethally poisoned (-5 -> -16), flying
A: large, unfitting armour, claws 3, regeneration 1, shaggy fur 1, tough skin 1
a: no special abilities


You were on level 5 of the Dungeon.
You visited 1 branch of the dungeon, and saw 5 of its levels.

You collected 319 gold pieces.

Inventory:

Hand Weapons
 q - a +0 long sword
Missiles
 d - 7 poisoned darts (quivered)
 t - 3 boomerangs
 C - 5 silver boomerangs
Armour
 b - a +0 kite shield (worn)
 v - a +1 robe of fire resistance (worn)
 y - an orb of light
Jewellery
 f - a ring of flight (left claw)
 u - a ring of willpower (right claw)
Scrolls
 a - a scroll of acquirement {unknown}
 h - a scroll of silence {unknown}
 j - a scroll of amnesia {unknown}
 l - 5 scrolls of identify {unknown}
 m - a scroll of teleportation {unknown}
 p - 2 scrolls of enchant armour {unknown}
 r - a scroll of poison {unknown}
 s - 2 scrolls of fear {unknown}
 A - a scroll of magic mapping {unknown}
 B - a scroll of immolation {unknown}
 D - a scroll of vulnerability {unknown}
Potions
 c - a potion of might
 e - a potion of ambrosia {unknown}
 g - a potion of attraction {unknown}
 i - a potion of flight {unknown}
 k - a potion of degeneration {unknown}
 n - 2 potions of invisibility {unknown}
 o - 3 potions of curing {unknown}
 w - 2 potions of brilliance {unknown}
 x - a potion of resistance {unknown}
 z - a potion of berserk rage {unknown}


   Skills:
 * Level 6.3 Fighting
 + Level 2.8 Long Blades
 - Level 2.4 Dodging
 - Level 2.6 Shields
 - Level 3.0 Unarmed Combat


You had 6 spell levels left.
You didn't know any spells.
Your spell library contained the following spells:

 Spells                   Type           Power      Damage    Failure   Level
 Summon Small Mammal      Summ           0%         N/A       77%         1
 Cigotuvi's Dreadful Rot  Necr/Pois/Air  0%         N/A       88%         2
 Call Canine Familiar     Summ           0%         N/A       98%         3
 Ignite Poison            Fire/Tmut/Pois 0%         N/A       98%         3
 Summon Guardian Golem    Hex/Summ       0%         N/A       98%         3
 Freezing Cloud           Conj/Ice/Air   0%         6-21      100%        5


Dungeon Overview and Level Annotations

Branches:
Dungeon (5/15)
 Temple: D:4-7

Altars:
Sif Muna
Trog

Shops:
D:2 *


Innate Abilities, Weirdness & Mutations

You are too large for most types of armour.
You have claws for hands.
Your natural rate of healing is unusually fast.
You are covered in fur. (AC +1)
You have tough skin. (AC +1)


Message History

You feel very sick. The water moccasin bites you.
A hobgoblin zombie comes into view.
You claw the water moccasin!
The water moccasin is severely wounded.
You feel very sick. The water moccasin closely misses you.
You block the shadow imp's attack. The water moccasin bites you.
* * * LOW HITPOINT WARNING * * *
You are more poisoned.
The water moccasin poisons you!
You closely miss the water moccasin.
The water moccasin is severely wounded.
You feel very sick. The shadow imp hits you.
* * * LOW HITPOINT WARNING * * *
The water moccasin misses you.
You closely miss the water moccasin.
The water moccasin is severely wounded.
You feel very sick. The shadow imp gestures at you.
You resist with some effort. The water moccasin bites you!
* * * LOW HITPOINT WARNING * * *
The water moccasin bites you but does no damage.
You block the shadow imp's attack.
You completely miss the water moccasin.
The water moccasin is severely wounded.
You feel very sick. The water moccasin bites you!
* * * LOW HITPOINT WARNING * * *
You are lethally poisoned!
The water moccasin poisons you!
The shadow imp hits you but does no damage.
You barely miss the water moccasin.
The water moccasin is severely wounded.
* * * LOW HITPOINT WARNING * * *
You feel very sick.
The water moccasin bites you but does no damage.
The water moccasin bites you!
You die...

#.##..######.
#.#.#..........#
...##.######.#.#
#.###.# ##.#.# .
#.# #.# #..#.# ..
#.# #.# #.##.# #..
#.###.# #.##.# ..#
......#
###.##.###...#
#..####
#....).S@5Z.# ##.#
#.#.##.###.Z.+ #.#
#.#.##... .#... #.#
#.#.###### # . #.#
#.#.# #.# #.#.#
.#.######.#.######
........>..........
.#####.##########..


You could see a water moccasin, a shadow imp, a hobgoblin zombie and a kobold
skeleton.

Vanquished Creatures
  2 scorpions (D:4)
  A howler monkey (D:4)
  A jelly (D:4)
  2 hounds (D:5)
  3 orc priests
  Jessica (D:3)
  Natasha (thrice) (D:2)
  2 iguanas
  An orc wizard (D:5)
  8 adders
  3 gnolls (D:2)
  A white imp (D:5)
  A worm (D:3)
  16 orcs
  10 ball pythons
  10 endoplasms
  2 giant cockroaches
  8 goblins
  3 hobgoblins
  7 jackals
  5 kobolds
  2 quokkas
  8 bats
  2 frilled lizards
  A hobgoblin zombie (D:5)
  An orc zombie (D:5)
  A rat (D:1)
105 creatures vanquished.

Notes
Turn   | Place    | Note
-------+----------+-------------------------------------------
     0 | D:1      | cdecastro the Troll Fighter began the quest for the Orb.
     0 | D:1      | Reached XP level 1. HP: 22/22 MP: 0/0
   119 | D:1      | Reached XP level 2. HP: 29/29 MP: 1/1
   400 | D:1      | Reached skill level 3 in Fighting
   923 | D:2      | Reached XP level 3. HP: 27/37 MP: 2/2
   967 | D:2      | Found Buachagy's Assorted Antiques.
  1012 | D:2      | Reached XP level 4. HP: 37/46 MP: 3/3
  1371 | D:2      | Noticed Natasha
  1379 | D:2      | Killed Natasha
  1380 | D:2      | Reached skill level 4 in Fighting
  1463 | D:2      | Noticed Natasha
  1470 | D:2      | Killed Natasha
  1499 | D:2      | Found a faded altar of an unknown god.
  1544 | D:2      | Noticed Natasha
  1556 | D:2      | Killed Natasha
  1557 | D:2      | Reached XP level 5. HP: 42/55 MP: 4/4
  1902 | D:3      | Identified the +1 spear "Doyll" {elec, rCorr Int-4 Dex+6
                  | Stlth+}
  2034 | D:3      | Reached skill level 1 in Long Blades
  2079 | D:3      | Noticed Jessica
  2089 | D:3      | Killed Jessica
  2090 | D:3      | Reached skill level 5 in Fighting
  2090 | D:3      | Reached XP level 6. HP: 58/66 MP: 5/5
  2696 | D:4      | Reached XP level 7. HP: 74/74 MP: 6/6
  2822 | D:4      | Found a shimmering blue altar of Sif Muna.
  3124 | D:5      | Entered Level 5 of the Dungeon
  3250 | D:5      | Found a bloodstained altar of Trog.
  3267 | D:5      | Reached skill level 6 in Fighting
  3424 | D:5      | HP: 2/76 [poisoned by a water moccasin]
  3424 | D:5      | Slain by a water moccasin

Illustrated notes

Levels and vault maps discovered:
D:1:      scummos_arrival_gate, layout_basic
D:2:      layout_basic, shapermc_ecumenical_altar_acropolis, serial_shops,
          nicolae_diamond_shop, uniq_natasha
D:3:      layout_loops_ring, uniq_jessica
D:4:      layout_basic, overflow_temple_1_default
D:5:      layout_loops_ring, nicolae_tso_besieged_by_evil,
          gammafunk_temple_overflow_forgotten, minmay_ruined_shrine

Skill      XL: |  1  2  3  4  5  6  7 |
---------------+----------------------+-----
Fighting       | 3 4 5 6 |  6.3
Unarmed Combat | 3 |  3.0
Long Blades    | 1 2 |  2.8
Dodging        | |  2.4
Shields        | |  2.6

Action                     |  1- 3 |  4- 6 |  7- 9 || total
---------------------------+-------+-------+-------++-------
  Melee: Unarmed           |    83 |   159 |    75 ||   317
   Stab: Sleeping          |     1 |     1 |       ||     2
         Distracted        |       |     1 |       ||     1
 Armour: Robe              |    18 |    28 |    26 ||    72
  Dodge: Dodged            |    28 |    43 |    14 ||    85
  Block: Kite shield       |    21 |    52 |    14 ||    87
